AoeStats
← Lord_Wilfredo

Arena

508349244Analyzed
4v4 RM · 11d ago on Sep 22, 2026· 62m 57s· 8 players
Game mode
Random Map
Map size
Large (8 player)
Population
200
Speed
Normal
Resources
Standard
Victory
Conquest
Starting age
Dark Age
Ending age
Imperial Age
RankedLock teamsTeams togetherTeam positionsShared explorationLock speedFull tech treeHidden civsTurbo modeCheats
Victory
Defeat
🇺🇸 Japanese · United States
1408
+13
🇺🇸 Koreans · United States
1341
+16
🇨🇦 Mongols · Canada
1268
+18
🇺🇸 Muisca · United States
1250
+18
🇺🇸 Bohemians · United States
1375
-18
🇦🇷 Vikings · Argentina
1370
-18
🇦🇷 Franks · Argentina
1294
-15
🇨🇦 Inca · Canada
1278
-14
TIGER35397
5:11 Loom
10:46 Feudal Age
15:11 Castle Age
13:47 Double-Bit Axe
14:10 Horse Collar
17:59 Wheelbarrow
21:21 Bow Saw
21:15 Heavy Plow
23:20 Hand Cart
24:29 Gold Mining
24:33 Stone Mining
24:49 Town Watch
26:43 Stone Shaft Mining
30:40 Imperial Age
28:58 Gold Shaft Mining
28:56 Ballistics
28:33 Fletching
30:04 Bodkin Arrow
31:26 Bracer
32:47 Husbandry
32:55 Thumb Ring
32:41 Elite War Wagon
34:34 Chemistry
35:54 Two-Man Saw
36:57 Siege Engineers
57:35 Spies/Treason
Shawn96
11:00 Feudal Age
12:24 Double-Bit Axe
14:52 Castle Age
12:50 Horse Collar
15:47 Bow Saw
16:06 Heavy Plow
16:31 Gold Mining
17:39 Loom
23:13 Wheelbarrow
24:18 Hand Cart
23:49 Town Watch
28:56 Imperial Age
26:18 Fletching
26:29 Padded Archer Armor
27:24 Ballistics
27:13 Stone Mining
28:18 Gold Shaft Mining
28:21 Scale Barding Armor
28:27 Forging
29:04 Bloodlines
29:15 Husbandry
30:20 Chain Barding Armor
30:36 Iron Casting
31:36 Bodkin Arrow
32:07 Conscription
33:20 Blast Furnace
33:34 Bracer
33:59 Town Patrol
35:11 Chemistry
34:53 Leather Archer Armor
34:13 Elite Steppe Lancer
35:22 Masonry
35:07 Murder Holes
35:34 Thumb Ring
36:33 Parthian Tactics
35:35 Elite Mangudai
36:42 Scale Mail Armor
37:44 Stone Shaft Mining
37:58 Hoardings
39:35 Herbal Medicine
39:53 Devotion
39:30 Light Cavalry
40:50 Hussar
41:34 Capped Ram
42:37 Drill
43:30 Fortified Wall
43:26 Siege Engineers
43:18 Siege Ram
44:20 Siege Ram
48:16 Nomads
60:47 Onager
61:49 Spies/Treason
Ice2207
10:11 Feudal Age
11:39 Double-Bit Axe
14:03 Castle Age
14:54 Bow Saw
14:34 Horse Collar
20:21 Scale Mail Armor
22:17 Loom
23:41 Forging
28:02 Chain Mail Armor
28:48 Squires
29:25 Pikeman
31:52 Wheelbarrow
32:59 Arson
37:31 Imperial Age
36:25 Iron Casting
36:29 Fletching
36:37 Murder Holes
36:33 Guard Tower
36:46 Yasama
38:01 Stone Mining
37:34 Man-at-Arms
38:02 Gambesons
39:56 Two-Man Saw
38:33 Long Swordsman
39:46 Plate Mail Armor
39:51 Hand Cart
39:22 Town Watch
39:26 Two-Handed Swordsman
41:31 Blast Furnace
40:41 Bodkin Arrow
42:08 Keep
41:55 Ballistics
41:09 Champion
43:48 Keep
42:50 Halberdier
43:52 Heavy Plow
44:20 Conscription
44:04 Bracer
46:24 Hoardings
49:41 Siege Engineers
50:37 Chemistry
49:44 Siege Engineers
49:50 Masonry
49:45 Arrowslits
50:40 Kataparuto
SharkeyTank
11:32 Feudal Age
11:49 Loom
15:37 Castle Age
14:41 Double-Bit Axe
15:54 Horse Collar
25:15 Bow Saw
25:07 Heavy Plow
25:45 Wheelbarrow
26:42 Scale Mail Armor
31:34 Imperial Age
29:27 Hand Cart
30:13 Chain Mail Armor
30:14 Forging
30:45 Squires
31:24 Gold Mining
31:25 Stone Mining
32:19 Iron Casting
32:50 Masonry
32:24 Elite Temple Guard
34:56 Plate Mail Armor
34:28 Padded Archer Armor
34:52 Conscription
36:15 Huaracas
39:15 Thumb Ring
39:03 Fletching
39:29 Leather Archer Armor
39:02 Pikeman
39:03 Champi Runner
43:19 Elite Skirmisher
59:44 Spies/Treason
Theodore
10:39 Feudal Age
11:35 Horse Collar
11:45 Double-Bit Axe
16:01 Castle Age
14:55 Gold Mining
14:58 Stone Mining
16:59 Heavy Plow
17:20 Bow Saw
20:37 Wheelbarrow
21:03 Gold Mining
21:47 Town Watch
26:03 Scale Mail Armor
28:37 Imperial Age
25:51 Champi Runner
26:40 Squires
26:26 Arson
27:28 Fletching
27:39 Padded Archer Armor
27:36 Loom
28:07 Hand Cart
27:56 Town Patrol
28:46 Ballistics
28:32 Scale Mail Armor
28:44 Forging
28:35 Bodkin Arrow
29:59 Chain Mail Armor
30:33 Champi Warrior
32:28 Plate Mail Armor
32:16 Leather Archer Armor
34:32 Conscription
34:15 Elite Kamayuk
36:19 Iron Casting
39:21 Elite Skirmisher
40:11 Thumb Ring
41:06 Capped Ram
42:55 Siege Ram
47:21 Fabric Shields
51:24 Fortified Wall
54:35 Blast Furnace
53:36 Bracer
54:06 Ring Archer Armor
54:23 Andean Sling
genghis bong
10:33 Feudal Age
14:30 Castle Age
12:18 Double-Bit Axe
14:01 Horse Collar
15:56 Bow Saw
20:39 Heavy Plow
21:13 Fervor
22:28 Sanctity
25:45 Wheelbarrow
24:59 Town Watch
25:00 Loom
25:55 Town Patrol
29:12 Imperial Age
27:16 Hand Cart
27:20 Padded Archer Armor
27:11 Fletching
29:11 Chemistry
28:09 Pikeman
28:49 Squires
28:50 Scale Mail Armor
29:07 Leather Archer Armor
28:47 Bodkin Arrow
29:27 Fortified Wall
29:47 Capped Ram
30:22 Halberdier
31:15 Forging
31:20 Chain Mail Armor
30:44 Elite Skirmisher
32:09 Conscription
32:12 Block Printing
32:08 Redemption
33:06 Ballistics
32:52 Siege Engineers
32:58 Masonry
33:20 Hussite Reforms
34:16 Ring Archer Armor
35:39 Devotion
35:53 Bodkin Arrow
38:51 Houfnice
40:39 Architecture
46:20 Plate Mail Armor
46:26 Iron Casting
49:19 Wagenburg Tactics
JosemaAlabama
10:46 Feudal Age
13:14 Double-Bit Axe
16:35 Castle Age
16:38 Forging
16:20 Gold Mining
18:18 Bow Saw
21:18 Gold Shaft Mining
22:55 Wheelbarrow
24:12 Scale Barding Armor
26:32 Husbandry
27:26 Stone Mining
27:26 Loom
30:01 Town Watch
33:22 Imperial Age
31:32 Chain Barding Armor
31:48 Iron Casting
31:14 Fletching
31:55 Padded Archer Armor
32:49 Fortified Wall
32:21 Elite Skirmisher
34:33 Conscription
33:45 Cavalier
35:26 Bodkin Arrow
35:55 Hand Cart
36:15 Ballistics
37:29 Leather Archer Armor
38:17 Blast Furnace
38:47 Plate Barding Armor
44:00 Light Cavalry
46:52 Chemistry
47:23 Scale Mail Armor
47:51 Masonry
Lord_Wilfredo
10:25 Feudal Age
11:22 Loom
14:11 Castle Age
12:33 Double-Bit Axe
12:36 Horse Collar
15:08 Bow Saw
26:24 Imperial Age
24:30 Scale Mail Armor
25:05 Forging
24:18 Man-at-Arms
24:44 Gambesons
25:40 Squires
25:18 Long Swordsman
26:17 Chain Mail Armor
27:36 Iron Casting
27:14 Two-Handed Swordsman
29:26 Town Watch
31:31 Fletching
31:20 Crossbowman
33:20 Arbalester
35:05 Bodkin Arrow
36:08 Elite Skirmisher
37:04 Champion
37:48 Padded Archer Armor
39:36 Blast Furnace
39:07 Plate Mail Armor
40:02 Plate Mail Armor
39:34 Bracer
39:47 Capped Ram
40:57 Leather Archer Armor
42:42 Two-Man Saw
44:17 Chemistry
43:37 Ballistics
Connection lost

Rejoining the realm…

Still unreachable

The connection could not be restored.

Session expired

The server has moved on; the page needs a fresh start.